 Dungeon Crawl Stone Soup version 0.28.0-53-g5a82cb258f (webtiles) character file.

Game seed: 2103854321120437897

15 hawla the Gusty (level 2, -3/15 HPs)
             Began as a Deep Elf Air Elementalist on June 17, 2022.
             Shot with a stone by a goblin (6 damage)
             ... led by Robin
             ... on level 2 of the Dungeon.
             The game lasted 00:02:04 (513 turns).

hawla the Gusty (Deep Elf Air Elementalist)          Turns: 513, Time: 00:02:05

Health: -3/15      AC:  2    Str:  5    XL:     2   Next: 34%
Magic:  6/8        EV: 12    Int: 19    God:
Gold:   50         SH:  0    Dex: 15    Spells: 4/7 levels left

rFire   . . .      SeeInvis .   (no weapon)
rCold   . . .      Faith    .   (no shield)
rNeg    . . .      Spirit   .   a - +0 robe
rPois   .          Reflect  .   (no helmet)
rElec   .          Harm     .   (no cloak)
rCorr   .          Rampage  .   (no gloves)
Will    .....                   (no boots)
Stlth   ++........              (no amulet)
HPRegen 0.05/turn               (no ring)
MPRegen 0.11/turn               (no ring)

@: no status effects
A: no striking features
a: no special abilities


You were on level 2 of the Dungeon.
You visited 1 branch of the dungeon, and saw 2 of its levels.

You collected 50 gold pieces.

Inventory:

Missiles
 b - 5 poisoned darts
Armour
 a - a +0 robe (worn)


   Skills:
 + Level 2.4 Dodging
 + Level 2.7 Stealth
 + Level 3.1 Spellcasting
 + Level 1.2 Conjurations
 + Level 3.5 Air Magic


You had 4 spell levels left.
You knew the following spells:

 Your Spells              Type           Power      Damage    Failure   Level
a - Shock                 Conj/Air       48%        1d6       5%          1
b - Static Discharge      Conj/Air       12%        N/A       9%          2

Your spell library contained the following spells:

 Spells                   Type           Power      Damage    Failure   Level
 Swiftness                Air            16%        N/A       11%         3
 Airstrike                Air            8%         N/A       34%         4


Dungeon Overview and Level Annotations

Branches:
Dungeon (1/15)

Altars:

Shops:
D:1 ?

Annotations:
D:2 Robin


Message History

c - a scroll labelled YLUCHU ZYIREXT
Found Gohexkoc's Magic Scroll Emporium.
There is an entrance to Gohexkoc's Magic Scroll Emporium here.
You can access your shopping list by pressing '$'.
Found an escape hatch in the floor.
A sourceless malevolence fills the Dungeon...
You fall into a shaft and drop 1 floor!
The shaft crumbles and collapses.
Robin, a hobgoblin, 7 goblins and a bat come into view.
A goblin is wielding a +1 dagger of venom.
The goblin shouts! x4; The hobgoblin shouts!
You hear a shout! x2
The goblin shouts!
Robin shouts!
The goblin shouts!
You hear an angry hiss.
Found 28 bolts.
Unknown command.
Casting: Shock (safe; 6% risk of failure)
Confirm with . or Enter, or press ? or * to list all spells.
The goblin is struck by an arc of lightning!
You kill the goblin!
You are struck by an arc of lightning.
The lightning grounds out.
The goblin shouts!
You hear a shout! x2
The bat closely misses you.
A goblin comes into view. It is wielding a +0 club.
The goblin unwields a +0 dagger.
The goblin wields a +0 hunting sling.
The goblin shoots a stone.
The stone hits you. Robin throws the goblin at you!
The goblin shouts!
Unknown command.
As you read the scroll labelled YLUCHU ZYIREXT, it crumbles to dust.
The creatures around you are filled with an inner flame!
It was a scroll of immolation.
The bat hits you but does no damage. The bat barely misses you.
The goblin hits you with a +0 club.
* * * LOW HITPOINT WARNING * * *
Robin roars a battlecry!
The goblins go into a battle-frenzy!
The goblin hits you with a +0 dagger.
* * * LOW HITPOINT WARNING * * *
The bat closely misses you.
The goblin unwields a +0 hunting sling.
The goblin wields a +0 dagger.
The goblin closely misses you.
The goblin unwields a +0 club.
The goblin wields a +0 hunting sling.
The goblin shoots a stone.
The stone hits you.
You die... #. #g #.# #gg gg

#g
.#####g####
......b.@.#
######g##g#
#. ... ##
.#.# .#.#
.# # .# .#


You could see 3 goblins and a bat (inner flame).

Vanquished Creatures
  A bat (D:1)
  2 endoplasms (D:1)
  A goblin (D:2)
  3 hobgoblins (D:1)
  A jackal (D:1)
  A ball python (D:1)
  5 rats (D:1)
14 creatures vanquished.

Notes
Turn   | Place    | Note
-------+----------+-------------------------------------------
     0 | D:1      | hawla the Deep Elf Air Elementalist began the quest for the
                  | Orb.
     0 | D:1      | Reached XP level 1. HP: 10/10 MP: 6/6
   309 | D:1      | Reached XP level 2. HP: 15/15 MP: 5/8
   349 | D:1      | Learned a level 2 spell: Static Discharge
   498 | D:1      | Found Gohexkoc's Magic Scroll Emporium.
   510 | D:1      | You fall into a shaft and drop 1 floor!
   510 | D:2      | Noticed Robin
   513 | D:2      | Shot with a stone by a goblin

Illustrated notes

Levels and vault maps discovered:
D:1:      minmay_arrival_up_and_down, layout_basic, serial_corexii_hall,
          corexii_hall_statues_i, chequers_hall_statues_corner_a, serial_shops,
          shop, moated_statue
D:2:      layout_loops_ring, uniq_jessica, uniq_robin, uniq_crazy_yiuf_cottage

Action                   || total
-------------------------++-------
 Cast: Shock             ||    26
       Static Discharge  ||     1
  Use: Scroll            ||     1
Armor: Robe              ||     1
Dodge: Dodged            ||     5
